 Dungeon Crawl Stone Soup version 0.23.2-11-gf996548 (webtiles) character file.

Game seed: 1380058403825364376

203 Fortress the Firebug (level 5, 0/38 HPs)
             Began as a Draconian Fire Elementalist on June 7, 2019.
             Was an Initiate of Vehumet.
             Slain by Steadysplat's ghost (4 damage)
             ... on level 4 of the Dungeon.
             The game lasted 00:19:44 (3122 turns).

Fortress the Firebug (Draconian Fire Elementalist)  Turns: 3122, Time: 00:19:44

Health: 0/38       AC:  5    Str: 10    XL:     5   Next: 51%
Magic:  0/9        EV: 12    Int: 17    God:    Vehumet [......]
Gold:   160        SH:  0    Dex: 11    Spells: 9/10 levels left

rFire    . . .     SeeInvis .   q - +4 dagger
rCold    . . .     Gourm    .   (no shield)
rNeg     . . .     Faith    .   (armour unavailable)
rPois    .         Spirit   .   (helmet restricted)
rElec    .         Reflect  .   (no cloak)
rCorr    .         Harm     .   (no gloves)
MR       .....                  (no boots)
Stlth    ++........             (no amulet)
HPRegen  0.12/turn              (no ring)
MPRegen  0.11/turn              (no ring)

@: no status effects
A: unfitting armour, cold-blooded, AC +5
a: Renounce Religion


You were on level 4 of the Dungeon.
You worshipped Vehumet.
Vehumet was noncommittal.
You were not hungry.

You visited 1 branch of the dungeon, and saw 4 of its levels.
You also visited: Sewer.

You collected 160 gold pieces.

Inventory:

Hand Weapons
 q - a +4 dagger (weapon)
 s - a +0 dagger of protection
Missiles
 l - 20 stones (quivered)
 r - 8 poisoned needles
Jewellery
 c - an uncursed ring of magical power {unknown}
 e - an uncursed amulet of guardian spirit {unknown}
 k - a cursed amulet of inaccuracy {unknown}
Scrolls
 g - a scroll of remove curse
 o - a scroll of amnesia {unknown}
Potions
 a - 3 potions of mutation
 d - 3 potions of flight {unknown}
 h - a potion of lignification {unknown}
 i - a potion of brilliance {unknown}
 j - 2 potions of haste {unknown}
 m - 2 potions of cancellation {unknown}
 n - a potion of magic {unknown}
 p - 4 potions of curing {unknown}
Comestibles
 b - 9 rations


   Skills:
 - Level 1.0 Short Blades
 - Level 2.0 Dodging
 - Level 1.7 Stealth
 + Level 3.1 Spellcasting
 + Level 3.3 Conjurations
 + Level 4.1 Fire Magic


You had 9 spell levels left.
You knew the following spells:

 Your Spells              Type           Power        Failure   Level  Hunger
a - Flame Tongue          Conj/Fire      ###..        3%          1    None

Your spell library contained the following spells:

 Spells                   Type           Power        Failure   Level  Hunger
 Throw Flame              Conj/Fire      ###...       5%          2    ##.....
 Conjure Flame            Conj/Fire      ###.....     11%         3    ###....
 Inner Flame              Hex/Fire       #.......     22%         3    ###....
 Sticky Flame             Conj/Fire      ###.....     36%         4    ####...
 Fireball                 Conj/Fire      ###.......   71%         5    ######.


Dungeon Overview and Level Annotations

Branches:
Dungeon (4/15)
 Temple: D:4-7

Altars:
Cheibriados
Okawaru
Vehumet
Wu Jian

Annotations:
D:4 Steadysplat's ghost, amateur FoFi


Innate Abilities, Weirdness & Mutations

Your plain brown scales are hard. (AC +5)
You cannot fit into any form of body armour.
You are cold-blooded and may be slowed by cold attacks.


Message History

Steadysplat's ghost hits you.
* * * LOW HITPOINT WARNING * * *
You hit Steadysplat's ghost.
Your tail-slap misses Steadysplat's ghost.
Steadysplat's ghost is severely damaged.
Steadysplat's ghost closely misses you.
You barely miss Steadysplat's ghost.
Steadysplat's ghost is severely damaged.
Steadysplat's ghost closely misses you.
You hit Steadysplat's ghost.
Steadysplat's ghost is severely damaged.
Steadysplat's ghost hits you but does no damage.
You hit Steadysplat's ghost.
Steadysplat's ghost is severely damaged.
Steadysplat's ghost barely misses you.
You hit Steadysplat's ghost.
You tail-slap Steadysplat's ghost, but do no damage.
Steadysplat's ghost is severely damaged.
Steadysplat's ghost hits you.
You die...

#....#..... #.?
#..#.#..... ...
#....#...#. #...
#...##..... #....
#........#. ....##
#.....#..#. ......###
#.....#..#. ##...##
+..>..#..#.
.#..@..####.....#..#.
#...#W#..##...........
#..##.##..#.#.......#.
....##...##...#.##...##.
#..##.....##....##......
#..#⌠.%♣!.⌠#.##.##......
#..##.....##.#####.#>...
#...##...##..# #.#.###
..##⌠##..## #.#....


You could see Steadysplat's ghost.

Vanquished Creatures
  A big kobold (Sewer)
  2 adders (D:3)
  A river rat (Sewer)
  6 worms
  3 dart slugs
  2 orcs (D:3)
  A ball python (D:1)
  7 bats
  5 giant cockroaches
  7 hobgoblins
  11 jackals
  2 quokkas (D:3)
  4 frilled lizards
  7 goblins
  13 kobolds
  12 rats
84 creatures vanquished.

Notes
Turn   | Place    | Note
-------+----------+-------------------------------------------
     0 | D:1      | Fortress the Draconian Fire Elementalist began the quest
                  | for the Orb.
     0 | D:1      | Reached XP level 1. HP: 14/14 MP: 3/3
   173 | D:1      | Reached XP level 2. HP: 16/20 MP: 0/5
   710 | D:1      | Reached XP level 3. HP: 26/26 MP: 1/6
  1450 | D:3      | Found a glowing drain.
  1474 | D:3      | Reached XP level 4. HP: 33/33 MP: 0/7
  1548 | Sewer    | Entered a sewer
  1601 | Sewer    | Noticed a big kobold
  1627 | Sewer    | Killed a big kobold
  1627 | Sewer    | Reached skill level 4 in Fire Magic
  1627 | Sewer    | Reached XP level 5. HP: 31/38 MP: 0/9
  1857 | Sewer    | Found a white marble altar of Elyvilon.
  2109 | D:3      | Found an iron altar of Okawaru.
  2109 | D:3      | Found an ornate altar of the Wu Jian Council.
  2117 | D:3      | Found a radiant altar of Vehumet.
  2130 | D:3      | Became a worshipper of Vehumet
  2194 | D:3      | Found a snail-covered altar of Cheibriados.
  2355 | D:3      | Reached skill level 1 in Short Blades
  3095 | D:4      | Found a runed translucent door.
  3095 | D:4      | Noticed Steadysplat's ghost (amateur FoFi)
  3122 | D:4      | Slain by Steadysplat's ghost

Skill      XL: |  1  2  3  4  5 |
---------------+----------------+-----
Dodging        | 2 |  2.0
Conjurations   | 2 3 |  3.3
Fire Magic     | 4 |  4.1
Spellcasting   | 3 |  3.1
Short Blades   | 1 |  1.0
Stealth        | |  1.7

Action                   |  1- 3 |  4- 6 || total
-------------------------+-------+-------++-------
Melee: Dagger            |    37 |    31 ||    68
       Tailslap          |     5 |     4 ||     9
       Unarmed           |     1 |       ||     1
 Cast: Flame Tongue      |    77 |    84 ||   161
  Use: Scroll            |       |     5 ||     5
  Eat: Chunk             |     3 |     5 ||     8
Armor: Skin              |    18 |    19 ||    37
Dodge: Dodged            |    33 |    44 ||    77
